cohdb
Replays
Latest Replays
All Replays
Popular Replays
Top Player Replays
Match Explorer
How It Works
Community
CoH3 Stats
Reddit
Sign in to upload your games and track your stats! →
Sign in with Steam
Match 40383241
Unlisted
Match 40383241
Overview
Messages
Build Orders
End
Kradschützen Motorcycle Team
Selects Italian Combined Arms Battlegroup
Selects Bersaglieri Squad
Bersaglieri Squad
Bersaglieri Squad
Bersaglieri Squad
Construct Light Support Kompanie
Bersaglieri Squad
Selects Bersaglieri Bolster
Fire Support Elements
Panzerjäger Mechanized Group
Selects Breda Model 30 Light Machine Guns
Construct Panzerarmee Kommand
Panzer III L Medium Tank
Selects Semovente da 75/18 Assault Gun
Veteran Squad Leaders
Walking Stuka Rocket Launcher
Selects Strafing Run
Selects Artillery Cover
Walking Stuka Rocket Launcher
Strafing Run
Artillery Cover
Vehicle Survival Package
Armored Reserves
Strafing Run
2.5-tonne Medical Truck
Strafing Run
Emergency Repair Kits
Tiger Heavy Tank
Artillery Cover
Rapid Advance
lqf0607
Kylen
runningDuck
DSG16
Staff
JinJinE
parsnip9510
TNT
0
0
Comments
sign in to comment!
No comments posted yet!